 Dungeon Sprint DCSS version bcrawl-1.15.1 (webtiles) character file.

Game seed: 16760254382796619543

910 Chiseanne the Protected (level 7, 0/64 HPs)
             Began as a Demonspawn Archaeologist on Sept 29, 2019.
             Was an Initiate of Gozag.
             Engulfed by a cloud of flame (11 damage)
             ... in the Dungeon (Sprint I: "Red Sonja").
             The game lasted 00:04:02 (1053 turns).

Chiseanne the Protected (Demonspawn Archaeologist)  Turns: 1053, Time: 00:04:03

Health: 0/64       AC: 32    Str: 12    XL:     7   Next: 81%
Magic:  7/7        EV:  2    Int: 23    God:    Gozag
Gold:   594        SH:  0    Dex: 13    Spells: 6/6 levels left

rFire    . . .     SeeInvis .   a - +2 dagger (chaos)
rCold    . . .     Gourm    .   (no shield)
rNeg     . . .     Faith    .   f - +8 orange crystal plate armour {Archmagi, Int+3 Clar}
rPois    .         Spirit   .   c - +1 hat
rElec    .         Reflect  .   (no cloak)
rCorr    .         Harm     .   (no gloves)
MR       .....     Clarity  +   d - +1 pair of boots Stlth ..........NoTele +
                                (no amulet)
HPRegen  2.20/turn              (no ring)
MPRegen  0.10/turn              (no ring)

@: brilliant, gold aura
A: powered by death 2
a: Potion Petition, Call Merchant, Bribe Branch, Renounce Religion


You were in the Dungeon.
You worshipped Gozag.
Gozag was pleased with you.
You were hungry.

You visited 1 branch You collected 594 gold pieces.

Inventory:

Hand Weapons
 a - a +2 dagger of chaos (weapon)
 j - a +0 blowgun
 p - a +0 hunting sling
Missiles
 b - 220 stones (quivered)
 i - 13 curare-tipped needles
 l - 200 sling bullets
Armour
 c - a +1 hat (worn)
 d - a +1 pair of boots (worn)
 f - the +8 orange crystal plate armour (worn) {Archmagi, Int+3 Clar}

   It affects your intelligence (+3).
   It protects you against confusion.
Wands
 n - a wand of polymorph (6)
 q - a wand of random effects (7)
Scrolls
 m - a scroll of blinking
Potions
 h - 3 potions of curing
 k - 2 potions of magic
Comestibles
 g - 2 rations {!d}


   Skills:
 * Level 9.5 Fighting
   Level 0.8 Maces & Flails
 * Level 10.8 Armour
 * Level 9.2 Dodging
 - Level 3.0 Stealth


You had 6 spell levels left.
You didn't know any spells.
Your spell library was empty.

Dungeon Overview and Level Annotations

Branches:
Dungeon (1/1)

Altars:
Cheibriados
Dithmenos
Elyvilon
Fedhas
Gozag
Hepliaklqana
Kikubaaqudgha
Nemelex Xobeh
Okawaru
Qazlal
Ru
Sif Muna
Trog
Uskayaw
Vehumet
Wu Jian
Yredelemnul
Zin
The Shining One

Shops:
D }

Annotations:
D Sonja


Innate Abilities, Weirdness & Mutations

You regenerate health from kills.


Message History

You feel clever all of a sudden.
The deep troll bites you but does no damage.
The deep troll claws you but does no damage. x2
Your orange crystal plate armour prevents you from hitting the deep troll.
The deep troll is severely wounded.
The deep troll bites you but does no damage.
The deep troll claws you but does no damage. x2
You hit the deep troll but do no damage.
Lightning courses through the deep troll!!
The deep troll explodes!
The fiery explosion engulfs you!
* * * LOW HITPOINT WARNING * * *
Your life force feels restored.
Your Fighting skill gained 2 levels and is now at level 9!
Your Armour skill increases to level 10!
Your Dodging skill gained 2 levels and is now at level 9!
You have reached level 7!
You are engulfed in blazing flames.
You die...
Your body crumbles into a pile of gold.

#..'))#..'[.#..+
$$
#..#####'#####'#
#..####..#...#.#
#..#__####..##.#
$$
#..#_____##'#_.+
#⌠⌠#_.∩...+).._#
$$
####_..__##_.#'#
$$#_____###'#.# $
#########@####+###
$ +.§§§$$.$$+
#.§§####### $
###.### $ #.#'#.#
$ #.$...# $
#.)$..# ####### $


There were no monsters in sight!

Vanquished Creatures
  A deep troll (D)
  Sigmund (D)
  A yak (D)
  An ogre (D)
  A jelly (D)
  Ijyb (D)
  4 ballistomycetes (D)
10 creatures vanquished.

Vanquished Creatures (others)
  A gargoyle (D)
  2 ballistomycete spores (D)
3 creatures vanquished.

Grand Total: 13 creatures vanquished

Notes
Turn   | Place    | Note
-------+----------+-------------------------------------------
     0 | D        | Chiseanne the Demonspawn Archaeologist began the quest for
                  | the Orb.
     0 | D        | Reached XP level 1. HP: 15/15 MP: 1/1
     2 | D        | Noticed Ijyb
    16 | D        | Killed Ijyb
    16 | D        | Gained mutation: You regenerate a little health from kills.
                  | [demonic ancestry]
    16 | D        | Reached XP level 2. HP: 25/25 MP: 2/2
    58 | D        | Noticed an ogre
    78 | D        | Killed an ogre
    78 | D        | Reached XP level 3. HP: 28/35 MP: 3/3
    78 | D        | Reached XP level 4. HP: 33/41 MP: 4/4
   134 | D        | Noticed Sigmund
   142 | D        | Killed Sigmund
   142 | D        | Reached skill level 8 in Armour
   142 | D        | Reached XP level 5. HP: 31/47 MP: 5/5
   211 | D        | Found a shimmering blue altar of Sif Muna.
   212 | D        | Found an ornate altar of the Wu Jian Council.
   213 | D        | Found a radiant altar of Vehumet.
   228 | D        | Reached skill level 9 in Armour
   228 | D        | Gained mutation: You regenerate health from kills. [demonic
                  | ancestry]
   228 | D        | Reached XP level 6. HP: 29/53 MP: 6/6
   376 | D        | Found Lied's Gadget Emporium.
   376 | D        | Found an ancient bone altar of Kikubaaqudgha.
   376 | D        | Found a hazy altar of Hepliaklqana.
   376 | D        | Found a hide-covered altar of Uskayaw.
   376 | D        | Found a basalt altar of Yredelemnul.
   376 | D        | Found an opulent altar of Gozag.
   376 | D        | Found a snail-covered altar of Cheibriados.
   376 | D        | Found a sacrificial altar of Ru.
   376 | D        | Found a shadowy altar of Dithmenos.
   376 | D        | Noticed a yak
   389 | D        | Killed a yak
   390 | D        | Found a stormy altar of Qazlal.
   390 | D        | Found a blossoming altar of Fedhas.
   390 | D        | Found a bloodstained altar of Trog.
   390 | D        | Found an iron altar of Okawaru.
   390 | D        | Found a glowing golden altar of the Shining One.
   390 | D        | Found a glowing silver altar of Zin.
   390 | D        | Found a white marble altar of Elyvilon.
   391 | D        | Found a sparkling altar of Nemelex Xobeh.
   397 | D        | Became a worshipper of Gozag Ym Sagoz the Greedy
   406 | D        | Noticed Sonja
   411 | D        | Noticed Sonja
   411 | D        | Sonja changed into Sonja the fire bat
   413 | D        | Killed a gargoyle
  1020 | D        | Noticed a deep troll
  1053 | D        | Killed a deep troll
  1053 | D        | Reached skill level 10 in Armour
  1053 | D        | Reached XP level 7. HP: 11/64 MP: 7/7
  1053 | D        | Engulfed by a cloud of flame

Skill      XL: |  1  2  3  4  5  6 |
---------------+-------------------+-----
Fighting       | 4 6 9 |  9.5
Dodging        | 4 6 9 |  9.2
Armour         | 8 9 10 | 10.8
Maces & Flails | |  0.8
Stealth        | |  3.0

Action                   |  1- 3 |  4- 6 |  7- 9 || total
-------------------------+-------+-------+-------++-------
Melee: Whip              |    12 |       |       ||    12
       Dagger            |    13 |    96 |       ||   109
Evoke: Wand              |       |     4 |       ||     4
  Use: Potion            |     3 |     1 |       ||     4
       Scroll            |       |     1 |       ||     1
 Stab: Petrified         |     1 |    11 |       ||    12
       Confused          |       |     1 |       ||     1
Armor: Robe              |     1 |       |       ||     1
       Crystal plate arm |       |    56 |       ||    56
Dodge: Dodged            |    10 |     5 |       ||    15
